 Dungeon Crawl Stone Soup version 0.25.1-2-g60ff931df9 (webtiles) character file.

Game seed: 13777035162699943002

5224 DogServant the Carver (level 10, -4/82 HPs)
             Began as a Merfolk Gladiator on Oct 16, 2020.
             Was an Elder of Okawaru.
             Slain by a komodo dragon (22 damage)
             ... on level 1 of the Lair of Beasts.
             The game lasted 00:23:38 (13571 turns).

DogServant the Carver (Merfolk Gladiator)          Turns: 13571, Time: 00:23:38

Health: -4/82      AC: 13    Str: 15    XL:     10   Next: 61%
Magic:  11/11      EV: 19    Int:  8    God:    Okawaru [****..]
Gold:   289        SH:  5    Dex: 18    Spells: 7/9 levels left

rFire    + . .     SeeInvis .   a - +0 long sword
rCold    . . .     Gourm    .   i - +0 buckler
rNeg     . . .     Faith    .   n - +0 acid dragon scales
rPois    .         Spirit   .   c - +0 helmet
rElec    .         Reflect  .   D - scarf {+Inv}
rCorr    +         Harm     .   C - +1 pair of gloves
MR       .....                  (no boots)
Stlth    +.........             m - amulet of the acrobat (curse)
HPRegen  0.23/turn              F - +4 ring of protection
MPRegen  0.12/turn              o - ring of protection from fire

@: no status effects
A: change form in water, swift swim, stealthy swim
a: Heroism, Renounce Religion, Evoke Invisibility


You were on level 1 of the Lair of Beasts.
You worshipped Okawaru.
Okawaru was greatly pleased with you.
You were hungry.

You visited 2 branches of the dungeon, and saw 10 of its levels.

You collected 484 gold pieces.
You spent 195 gold pieces at shops.

Inventory:

Hand Weapons
 a - a +0 long sword (weapon)
Missiles
 d - 3 throwing nets (quivered)
 H - 8 atropa-tipped darts
Armour
 b - a +0 leather armour
 c - a +0 helmet (worn)
 h - a +0 ring mail
 i - a +0 buckler (worn)
 n - +0 acid dragon scales (worn)
 C - a +1 pair of gloves (worn)
 D - a scarf of invisibility (worn)
Jewellery
 m - a cursed amulet of the acrobat (around neck)
 o - a ring of protection from fire (right hand)
 w - an uncursed amulet of magic regeneration
 F - a +4 ring of protection (left hand)
Wands
 y - a wand of digging (5)
 z - a wand of random effects (28)
 J - a wand of paralysis (6)
Scrolls
 e - 3 scrolls of remove curse
 l - 2 scrolls of amnesia
 r - 3 scrolls of teleportation
 t - a scroll of random uselessness {unknown}
 u - a scroll of enchant weapon {unknown}
 x - 2 scrolls of fog
 B - a scroll of fear {unknown}
 K - a scroll of identify
 L - a scroll of torment {unknown}
Potions
 g - 4 potions of stabbing
 j - a potion of heal wounds
 k - a potion of lignification
 p - 2 potions of degeneration
 q - 4 potions of flight
 s - 3 potions of brilliance
 v - a potion of resistance {unknown}
 A - a potion of magic {unknown}
 E - a potion of berserk rage
 G - a potion of cancellation {unknown}
 I - 2 potions of curing
Comestibles
 f - 4 rations


   Skills:
 + Level 8.9 Fighting
 + Level 10.8 Long Blades
 - Level 2.0 Throwing
 + Level 1.5 Armour
 - Level 10.6 Dodging
 - Level 4.0 Shields
 - Level 2.3 Invocations


You had 7 spell levels left.
You knew the following spells:

 Your Spells              Type           Power        Failure   Level  Hunger
a - Ensorcelled Hibernat  Hex/Ice        #.....       67%         2    ###....

Your spell library contained the following spells:

 Spells                   Type           Power        Failure   Level  Hunger
 Magic Dart               Conj           #...         52%         1    ##.....
 Sting                    Tmut/Pois      #...         52%         1    ##.....
 Blink                    Tloc           N/A          67%         2    ###....
 Call Imp                 Summ           #.......     67%         2    ###....
 Poisonous Vapours        Pois/Air       #.....       67%         2    ###....
 Slow                     Hex            #.......     67%         2    ###....
 Conjure Flame            Conj/Fire      #.......     88%         3    ####...
 Ignite Poison            Fire/Tmut/Pois #.......     88%         3    ####...
 Mephitic Cloud           Conj/Pois/Air  #.......     88%         3    ####...
 Olgreb's Toxic Radiance  Pois           #.......     99%         4    #####..
 Borgnjor's Vile Clutch   Necr/Erth      #.........   100%        5    ######.
 Silence                  Hex/Air        #.........   100%        5    ######.
 Darkness                 Hex            #.........   100%        6    #######
 Shadow Creatures         Summ           N/A          100%        6    #######


Dungeon Overview and Level Annotations

Branches:
Dungeon (9/15)             Temple (0/1) D:4            Lair (1/6) D:8
    Orc: D:9-12

Altars:
Fedhas
Hepliaklqana
Okawaru
Qazlal
Ru
Yredelemnul

Shops:
D:4 [:!:*   D:6 :   D:7 *

Annotations:
D:4 1 runed translucent door, Crazy Yiuf
D:7 Prince Ribbit
D:9 Erolcha


Message History

You slash the komodo dragon!
The komodo dragon is almost dead.
You block the water moccasin's attack.
You hit the komodo dragon but do no damage.
The komodo dragon is almost dead.
The komodo dragon completely misses you.
The water moccasin bites you but does no damage.
You barely miss the komodo dragon.
The komodo dragon is almost dead.
The water moccasin closely misses you.
The komodo dragon bites you but does no damage.
You hit the komodo dragon.
The komodo dragon is almost dead.
The water moccasin bites you but does no damage.
The komodo dragon closely misses you.
You hit the komodo dragon but do no damage.
The komodo dragon is almost dead.
The water moccasin bites you but does no damage.
The komodo dragon bites you!!
You die...

#.##..## ##
...##..####.##.#
#.###..............##
....................#
...................##
..............)....##
...................P#
......Sl...........##
#...@#######+P..P#
###..........#...#
#..........#..##
#.............#
#..+.......#...#
#..#.......#..##
#.............#
#...P##..PP#..#
#.............#


You could see a komodo dragon and a water moccasin.

Vanquished Creatures
  2 two-headed ogres (D:8)
  Joseph (D:7)
  Maggie (D:7)
  A troll (D:8)
  Menkaure (D:4)
  3 water moccasins
  A sky beast (D:7)
  2 phantoms
  6 ogres
  A centaur (D:8)
  4 bullfrogs
  2 scorpions
  3 killer bees (D:8)
  A howler monkey (D:4)
  A centaur zombie (D:7)
  4 crimson imps
  5 hounds
  4 jellies
  A bullfrog skeleton (D:8)
  2 orc priests
  8 orc wizards
  Natasha (thrice) (D:4)
  Terence (D:2)
  3 iguanas
  8 worker ants
  A hound zombie (D:6)
  A hound skeleton (D:7)
  2 worker ant zombies
  A howler monkey skeleton (D:7)
  8 adders
  4 gnolls (D:6)
  A shadow imp (D:8)
  3 adder zombies (D:8)
  An adder skeleton (D:9)
  A dart slug (D:2)
  3 leopard geckos
  19 orcs
  A ball python (D:8)
  4 bats
  2 giant cockroaches
  4 goblins
  3 hobgoblins
  6 jackals
  4 kobolds
  4 quokkas
  4 frilled lizards
  A leopard gecko skeleton (D:7)
  6 rats
153 creatures vanquished.

Notes
Turn   | Place    | Note
-------+----------+-------------------------------------------
     0 | D:1      | DogServant the Merfolk Gladiator began the quest for the
                  | Orb.
     0 | D:1      | Reached XP level 1. HP: 16/16 MP: 1/1
   309 | D:1      | Reached XP level 2. HP: 21/22 MP: 2/2
   995 | D:2      | Reached skill level 1 in Shields
  1219 | D:2      | Reached XP level 3. HP: 14/27 MP: 3/3
  2255 | D:2      | Reached XP level 4. HP: 33/33 MP: 4/4
  2266 | D:2      | Noticed Terence
  2483 | D:3      | Found a stormy altar of Qazlal.
  2488 | D:3      | Found a sacrificial altar of Ru.
  2491 | D:3      | Found an iron altar of Okawaru.
  2499 | D:3      | Became a worshipper of Warmaster Okawaru
  3221 | D:4      | Found a staircase to the Ecumenical Temple.
  3395 | D:4      | Found Qokhlotar's Book Emporium.
  3398 | D:4      | Found Beps's Book Emporium.
  3402 | D:4      | Found Deffae's Distillery.
  3415 | D:4      | Bought a potion of berserk rage for 65 gold pieces
  3415 | D:4      | Bought a potion of heal wounds for 65 gold pieces
  3433 | D:4      | Found Epeuqan's Armour Shoppe.
  3467 | D:4      | Noticed Natasha
  3467 | D:4      | Noticed an ogre
  3478 | D:4      | Killed Natasha
  3482 | D:4      | Killed an ogre
  3482 | D:4      | Reached skill level 5 in Long Blades
  3482 | D:4      | Reached XP level 5. HP: 38/38 MP: 5/5
  3699 | D:4      | Noticed an ogre
  3750 | D:5      | Entered Level 5 of the Dungeon
  3791 | D:5      | Reached XP level 6. HP: 44/44 MP: 6/6
  4764 | D:5      | Found a hazy altar of Hepliaklqana.
  5044 | D:4      | Noticed Natasha
  5058 | D:4      | Killed Natasha
  5121 | D:4      | Noticed Natasha
  5263 | D:4      | Reached XP level 7. HP: 48/50 MP: 7/7
  5297 | D:4      | Killed Natasha
  5369 | D:2      | Found a basalt altar of Yredelemnul.
  5391 | D:2      | Killed Terence
  5650 | D:4      | Noticed Menkaure
  5797 | D:6      | Reached * piety under Okawaru
  6479 | D:6      | Found Kuimmeom's Book Boutique.
  6525 | D:6      | Reached XP level 8. HP: 57/57 MP: 5/8
  6610 | D:6      | Reached skill level 1 in Invocations
  6631 | D:6      | Learned a level 2 spell: Ensorcelled Hibernation
  6808 | D:6      | Found a blossoming altar of Fedhas.
  7107 | D:7      | Reached skill level 5 in Dodging
  7919 | D:7      | Reached ** piety under Okawaru
  8069 | D:7      | Noticed Prince Ribbit
  8406 | D:7      | Found Seuwiwk's Assorted Antiques.
  8440 | D:7      | Reached XP level 9. HP: 35/66 MP: 10/10
  8845 | D:7      | Noticed Joseph
  9138 | D:4      | Bought a potion of heal wounds for 65 gold pieces
  9225 | D:7      | Noticed Maggie
  9381 | D:8      | Reached skill level 5 in Fighting
  9411 | D:8      | Noticed a two-headed ogre
  9427 | D:8      | Killed a two-headed ogre
  9427 | D:8      | Reached skill level 10 in Long Blades
  9428 | D:8      | Noticed a two-headed ogre
  9455 | D:8      | Reached *** piety under Okawaru
  9821 | D:8      | Noticed a troll
  9824 | D:8      | Killed a two-headed ogre
  9824 | D:8      | Reached XP level 10. HP: 49/79 MP: 8/11
  9900 | D:8      | Reached **** piety under Okawaru
  9900 | D:8      | Reached skill level 10 in Dodging
 10152 | D:8      | Received a gift from Okawaru
 10503 | D:8      | Found a staircase to the Lair.
 10566 | D:9      | Found a basalt altar of Yredelemnul.
 10660 | D:9      | Found a blossoming altar of Fedhas.
 10944 | D:9      | Noticed Erolcha
 11056 | D:7      | Killed Maggie
 11184 | D:7      | Killed Joseph
 11593 | D:7      | Found Seuwiwk's Assorted Antiques.
 12186 | D:7      | Found Seuwiwk's Assorted Antiques.
 13003 | D:4      | Reached skill level 1 in Armour
 13030 | D:4      | Killed Menkaure
 13056 | D:4      | Found Hieral's General Store.
 13123 | D:4      | Found a runed translucent door.
 13124 | D:4      | Noticed Crazy Yiuf
 13476 | Lair:1   | Entered Level 1 of the Lair of Beasts
 13571 | Lair:1   | Slain by a komodo dragon

Illustrated notes

Levels and vault maps discovered:
D:1:      lightli_arrival_chessboard, layout_basic, kennysheep_minor_cross,
          fountainhead, minmay_tromino_v2
D:2:      layout_basic, yredelemnul_altar_generic, roderic_filled_cross,
          uniq_terence
D:3:      layout_loops_corners, minmay_overflow_temple_star_quad
D:4:      layout_loops_ring, minmay_temple_entry_drinking_statues, serial_shops,
          shop, nicolae_shop_waterfront, nicolae_shop_crystal,
          nicolae_shop_crystal, shop, uniq_menkaure, uniq_crazy_yiuf_cottage,
          uniq_natasha
D:5:      layout_cave_pods, kennysheep_mini, first_ration, hex_medium
D:6:      layout_rooms, serial_shops,
          nicolae_shop_temple_entry_statues_fountains, palyth_stone_intersect,
          fedhas_altar_2
D:7:      layout_cave_pods, serial_shops, shop, uniq_joseph,
          uniq_prince_ribbit1, uniq_maggie
D:8:      layout_rooms, lair_entry_dummy, serial_rivers,
          chequers_serial_rivers_micro_b, chequers_serial_rivers_micro_b,
          chequers_serial_rivers_marsh, chequers_serial_rivers_marsh,
          chequers_serial_rivers_small_b, chequers_serial_rivers_small_b
D:9:      layout_basic, nicolae_overflow_crystal_walls, basic_altar,
          uniq_erolcha
Lair:1:   layout_regular_city, chequers_serial_rivers_marsh

Skill      XL: |  1  2  3  4  5  6  7  8  9 10 |
---------------+-------------------------------+-----
Shields        | 1 2 3 4 |  4.0
Long Blades    | 4 5 6 8 9 10 | 10.8
Invocations    | 2 |  2.3
Fighting       | 4 7 8 |  8.9
Dodging        | 6 9 10 | 10.6
Armour         | 1 |  1.5
Throwing       | |  2.0

Action                   |  1- 3 |  4- 6 |  7- 9 | 10-12 || total
-------------------------+-------+-------+-------+-------++-------
Melee: Long sword        |   112 |   111 |   409 |   194 ||   826
       Tailslap          |       |       |       |     2 ||     2
Invok: Heroism           |       |       |     9 |     2 ||    11
Evoke: Wand              |       |       |     3 |     1 ||     4
  Use: Scroll            |     2 |     6 |     3 |     3 ||    14
       Potion            |       |     1 |     4 |       ||     5
 Stab: Sleeping          |       |     3 |     1 |     1 ||     5
       Distracted        |       |       |     1 |       ||     1
  Eat: Chunk             |     4 |     3 |     4 |     5 ||    16
       Ration            |       |     2 |     3 |     2 ||     7
Armor: Leather armour    |    38 |    17 |    72 |    13 ||   140
       Acid dragon scale |       |       |       |     9 ||     9
Dodge: Dodged            |    91 |    66 |   241 |   139 ||   537
Block: Buckler           |    13 |    26 |   103 |    32 ||   174
       Rpst.: Long sword |    35 |    19 |    70 |    50 ||   174
